[Event "Lueneburg Open-A 2019"]
[Site "Lueneburg"]
[Date "2019.08.03"]
[Round "1.29"]
[White "Rick, Uwe"]
[Black "Mandelkow, Elias"]
[Result "1-0"]
[ECO "A20"]
[WhiteElo "2113"]
[BlackElo "1741"]
[Annotator "NA"]
[PlyCount "103"]
[EventDate "2019.08.03"]
[EventType "swiss"]
[EventCountry "GER"]
[SourceTitle "playchess.com"]
[Source "ChessBase"]
[SourceQuality "1"]
[TimeControl "40/5400+30:1800+30"]

1. c4 e5 2. g3 Nf6 3. Bg2 c6 4. d4 exd4 5. Qxd4 d5 6. Nf3 Nbd7 7. cxd5 Bc5 8. Qd1 Nxd5 9. O-O O-O 10. e4 N5f6 11. Nc3 Re8 12. Qc2 Bb4 13. Re1 Nc5 14. e5 Nfd7 15. a3 Bxc3 16. Qxc3 Ne6 17. Be3 Nb6 18. Rad1 Nd5 19. Qc2 Bd7 20. Nd2 Nec7 21. Nc4 b5 22. Na5 Re6 23. Bd2 Qc8 24. f4 Na6 25. b4 Re8 26. Be4 h6 27. Rc1 Nb8 28. Qd3 Ne7 29. Be3 Bf5 30. Red1 Bxe4 31. Qxe4 Qe6 32. Rd2 Qf5 33. Qxf5 Nxf5 34. Bf2 Ne7 35. Bc5 Nc8 36. Rcd1 Nb6 37. Rd8 N8d7 38. R8xd7 Nxd7 39. Rxd7 Red8 40. Rxd8+ Rxd8 41. Nxc6 Rd1+ 42. Kg2 a6 43. Nb8 Ra1 44. Nxa6 Rxa3 45. Nc7 Ra2+ 46. Kh3 Kh7 47. Nxb5 g5 48. Nd6 Kg6 49. b5 Rc2 50. b6 g4+ 51. Kxg4 h5+ 52. Kh3 1-0

[Event "Lueneburg Open-A 2019"]
[Site "Lueneburg"]
[Date "2019.08.03"]
[Round "1.30"]
[White "Kasipour Azbari, Seyed Arvin"]
[Black "Hommer, Jeremy"]
[Result "1-0"]
[ECO "E57"]
[WhiteElo "1765"]
[BlackElo "2083"]
[Annotator "NA"]
[PlyCount "41"]
[EventDate "2019.08.03"]
[EventType "swiss"]
[EventCountry "GER"]
[SourceTitle "playchess.com"]
[Source "ChessBase"]
[SourceQuality "1"]
[TimeControl "40/5400+30:1800+30"]

1. e4 c6 2. d4 d5 3. exd5 cxd5 4. c4 Nf6 5. Nc3 Nc6 6. Bg5 dxc4 7. Bxc4 e6 8. Nf3 Be7 9. O-O O-O 10. Qd2 a6 11. Rfd1 b5 12. Bb3 Na5 13. Bc2 Nc4 14. Qf4 Nxb2 15. Rdb1 Nc4 16. Bxf6 Bxf6 17. Qe4 g6 18. Qxa8 Na3 19. Rc1 Qb6 20. Qe4 e5 21. Nd5 1-0

[Event "Lueneburg Open-A 2019"]
[Site "Lueneburg"]
[Date "2019.08.03"]
[Round "1.31"]
[White "Klages, Hans Juergen"]
[Black "Wiese, Uwe"]
[Result "1-0"]
[ECO "A95"]
[WhiteElo "2095"]
[BlackElo "1737"]
[Annotator "NA"]
[PlyCount "47"]
[EventDate "2019.08.03"]
[EventType "swiss"]
[EventCountry "GER"]
[SourceTitle "playchess.com"]
[Source "ChessBase"]
[SourceQuality "1"]
[TimeControl "40/5400+30:1800+30"]

1. d4 f5 2. g3 Nf6 3. Bg2 e6 4. c4 Be7 5. Nf3 O-O 6. O-O c6 7. Nc3 d5 8. b3 Ne4 9. Nxe4 fxe4 10. Ne5 Nd7 11. f4 exf3 12. Nxf3 Qc7 13. Bh3 Nf6 14. Ng5 e5 15. Qc2 Bxh3 16. Rxf6 e4 17. Rxf8+ Rxf8 18. Nxh3 Bf6 19. Be3 Qd7 20. Nf4 Qg4 21. Rf1 h5 22. cxd5 h4 23. Qxe4 hxg3 24. h3 1-0

[Event "Lueneburg Open-A 2019"]
[Site "Lueneburg"]
[Date "2019.08.03"]
[Round "1.32"]
[White "Thomas, Jeremy"]
[Black "Chennaoui, Yasin"]
[Result "0-1"]
[ECO "B63"]
[WhiteElo "1717"]
[BlackElo "2092"]
[Annotator "NA"]
[PlyCount "58"]
[EventDate "2019.08.03"]
[EventType "swiss"]
[EventCountry "GER"]
[SourceTitle "playchess.com"]
[Source "ChessBase"]
[SourceQuality "1"]
[TimeControl "40/5400+30:1800+30"]

1. e4 c5 2. Nf3 Nc6 3. d4 cxd4 4. Nxd4 Nf6 5. Nc3 d6 6. Bg5 e6 7. f4 Be7 8. Qd2 h6 9. Bh4 Nxe4 10. Bxe7 Nxd2 11. Bxd8 Nxf1 12. Nxc6 bxc6 13. Bc7 Ne3 14. Kd2 Kd7 15. Kxe3 Kxc7 16. b3 a5 17. a4 Ba6 18. Rhd1 Rhe8 19. Ne4 Rad8 20. Rd2 f5 21. Ng3 g5 22. Rad1 gxf4+ 23. Kxf4 Bc8 24. Nf1 e5+ 25. Kf3 d5 26. Ne3 f4 27. Nxd5+ cxd5 28. Rxd5 Rxd5 29. Rxd5 Bb7 0-1

[Event "Lueneburg Open-A 2019"]
[Site "Lueneburg"]
[Date "2019.08.03"]
[Round "1.33"]
[White "Schulz, Daniel"]
[Black "Guo, Philipp Ziming"]
[Result "1-0"]
[ECO "E18"]
[WhiteElo "2071"]
[BlackElo "1728"]
[Annotator "NA"]
[PlyCount "61"]
[EventDate "2019.08.03"]
[EventType "swiss"]
[EventCountry "GER"]
[SourceTitle "playchess.com"]
[Source "ChessBase"]
[SourceQuality "1"]
[TimeControl "40/5400+30:1800+30"]

1. d4 Nf6 2. c4 e6 3. g3 d5 4. Nf3 b6 5. cxd5 exd5 6. Bg2 Bb7 7. O-O Nbd7 8. Nc3 Be7 9. Ne5 O-O 10. Qa4 Nxe5 11. dxe5 Nd7 12. Nxd5 Nc5 13. Qc4 b5 14. Nxe7+ Qxe7 15. Qxb5 Bxg2 16. Kxg2 Rab8 17. Qc4 Qxe5 18. Bf4 Qe7 19. b3 Rfe8 20. Rac1 Ne6 21. Be3 a5 22. Rfd1 a4 23. bxa4 Rb4 24. Qc6 Reb8 25. a5 Rb2 26. a6 Rxa2 27. a7 Rc8 28. Ra1 Ra3 29. Bc5 Qxc5 30. Qxc5 Rxa1 31. Rxa1 1-0

[Event "Lueneburg Open-A 2019"]
[Site "Lueneburg"]
[Date "2019.08.03"]
[Round "1.34"]
[White "Kreie, Guenter"]
[Black "Koellner, Christof"]
[Result "0-1"]
[ECO "B07"]
[WhiteElo "1727"]
[BlackElo "2091"]
[Annotator "NA"]
[PlyCount "116"]
[EventDate "2019.08.03"]
[EventType "swiss"]
[EventCountry "GER"]
[SourceTitle "playchess.com"]
[Source "ChessBase"]
[SourceQuality "1"]
[TimeControl "40/5400+30:1800+30"]

1. e4 d6 2. d4 Nf6 3. Nc3 e5 4. dxe5 dxe5 5. Qxd8+ Kxd8 6. Bg5 Be6 7. O-O-O+ Kc8 8. Bb5 c6 9. Ba4 Bb4 10. Bxf6 gxf6 11. Bb3 Rg8 12. g3 Bc5 13. Nge2 Bxf2 14. Rhf1 Be3+ 15. Kb1 Nd7 16. Rd3 Bc5 17. Rfd1 Nb6 18. Na4 Nxa4 19. Bxa4 Bc4 20. Rc3 Bxe2 21. Re1 Bb4 22. Rxe2 Bxc3 23. bxc3 Kd7 24. Bb3 Ke7 25. Rf2 Rad8 26. Rf5 Rd1+ 27. Kb2 Re1 28. Rh5 Rg7 29. Rh4 b5 30. a4 Kd6 31. Rh6 Rf1 32. Ka3 Kc5 33. a5 a6 34. Rh4 Ra1+ 35. Kb2 Rf1 36. Ka3 Rf3 37. Rh6 Kd6 38. Kb2 Ke7 39. Rh5 Re3 40. Rh4 Re1 41. Ba2 Rd1 42. Bb3 Rd8 43. Ba2 Rh8 44. Ka3 h5 45. Kb4 Kd6 46. c4 c5+ 47. Kc3 Rg4 48. cxb5 Rxh4 49. gxh4 axb5 50. Bd5 Kc7 51. a6 Kb6 52. Bxf7 Kxa6 53. Be6 Rh7 54. Bf5 Rg7 55. Kb2 Rg2 56. h3 Rg3 57. Be6 Kb6 58. Bf7 Re3 0-1

[Event "Lueneburg Open-A 2019"]
[Site "Lueneburg"]
[Date "2019.08.03"]
[Round "1.36"]
[White "Weidenhoefer, Max"]
[Black "von Estorff, Jacob"]
[Result "0-1"]
[ECO "B38"]
[WhiteElo "1805"]
[BlackElo "2055"]
[Annotator "NA"]
[PlyCount "68"]
[EventDate "2019.08.03"]
[EventType "swiss"]
[EventCountry "GER"]
[SourceTitle "playchess.com"]
[Source "ChessBase"]
[SourceQuality "1"]
[TimeControl "40/5400+30:1800+30"]

1. e4 c5 2. Nf3 Nc6 3. d4 cxd4 4. Nxd4 g6 5. c4 Bg7 6. Be3 Nf6 7. Nc3 O-O 8. Be2 d6 9. O-O Bd7 10. f4 Rc8 11. b3 Qa5 12. Rc1 Rfe8 13. Bf3 Nxd4 14. Bxd4 Bc6 15. Nd5 Bxd5 16. exd5 Nd7 17. Bxg7 Kxg7 18. Qd4+ Nf6 19. Rf2 Qc5 20. Qxc5 Rxc5 21. Rd2 b5 22. Rd4 Rec8 23. Kf2 Nd7 24. Ke3 Nb6 25. Kd3 Kf6 26. g4 bxc4+ 27. bxc4 Ra5 28. Rc2 Na4 29. h3 Rb8 30. g5+ Kg7 31. Ke2 Nc5 32. Rdd2 Rb4 33. Ke3 Ra3+ 34. Kf2 Nd3+ 0-1

[Event "Lueneburg Open-A 2019"]
[Site "Lueneburg"]
[Date "2019.08.03"]
[Round "1.37"]
[White "Garbuszus, Juergen"]
[Black "Gerdau, Niklas"]
[Result "0-1"]
[ECO "D46"]
[WhiteElo "2070"]
[BlackElo "1704"]
[Annotator "NA"]
[PlyCount "70"]
[EventDate "2019.08.03"]
[EventType "swiss"]
[EventCountry "GER"]
[SourceTitle "playchess.com"]
[Source "ChessBase"]
[SourceQuality "1"]
[TimeControl "40/5400+30:1800+30"]

1. d4 d5 2. c4 c6 3. Nc3 Nf6 4. Nf3 e6 5. e3 Bd6 6. Qc2 Nbd7 7. Bd3 dxc4 8. Bxc4 b5 9. Bd3 Bb7 10. O-O O-O 11. e4 e5 12. h3 a6 13. Bg5 h6 14. dxe5 Nxe5 15. Nxe5 Bxe5 16. Be3 Qe7 17. Rfe1 Rfd8 18. Bb6 Rdc8 19. Ne2 c5 20. f4 Bb8 21. e5 Nd5 22. e6 Nxb6 23. Ng3 fxe6 24. Nh5 c4 25. Bh7+ Kf8 26. Bg6 Bd6 27. f5 Bc5+ 28. Kh1 e5 29. Nf4 Nd7 30. Ne6+ Kg8 31. Bh7+ Kh8 32. Nf4 Qf6 33. Rad1 Nf8 34. Nh5 Qh4 35. Nxg7 Qxh3# 0-1

[Event "Lueneburg Open-A 2019"]
[Site "Lueneburg"]
[Date "2019.08.04"]
[Round "2.1"]
[White "Grote, Dirk"]
[Black "Ovsejevitsch, Sergei"]
[Result "0-1"]
[ECO "E12"]
[WhiteElo "2037"]
[BlackElo "2590"]
[Annotator "ChessBase"]
[PlyCount "80"]
[EventDate "2019.08.03"]
[EventType "swiss"]
[EventCountry "GER"]
[SourceTitle "playchess.com"]
[Source "ChessBase"]
[SourceQuality "1"]
[TimeControl "40/5400+30:1800+30"]

1. d4 Nf6 2. c4 e6 3. Nf3 b6 4. a3 Bb7 5. Nc3 g6 6. Qc2 Bg7 7. e4 O-O 8. Bd3 d6 9. O-O Nbd7 10. Bg5 h6 11. Bd2 a6 12. Rfe1 c5 13. d5 exd5 14. exd5 Ng4 15. h3 Nge5 16. Nxe5 dxe5 17. f4 exf4 18. Bxf4 Qf6 19. Qd2 Rae8 20. Kh1 Kh7 21. Rab1 Ne5 22. Ne4 Qd8 23. b4 cxb4 24. axb4 f5 25. Nc3 Qf6 26. Ne2 b5 27. Bxe5 Rxe5 28. Nf4 bxc4 29. Bxc4 Rc8 30. Rxe5 Qxe5 31. Re1 Qc7 32. Rc1 Qd6 33. Ne6 Bf6 34. Nc5 Ba8 35. Bxa6 Bg5 36. Qe2 Rc7 37. Rd1 Re7 38. Qd3 Re3 39. Qd4 Bxd5 40. Bf1 Rxh3+ 0-1

[Event "Lueneburg Open-A 2019"]
[Site "Lueneburg"]
[Date "2019.08.04"]
[Round "2.2"]
[White "Kollars, Dmitrij"]
[Black "Lau, Felix"]
[Result "1-0"]
[ECO "C07"]
[WhiteElo "2581"]
[BlackElo "2044"]
[Annotator "ChessBase"]
[PlyCount "45"]
[EventDate "2019.08.03"]
[EventType "swiss"]
[EventCountry "GER"]
[SourceTitle "playchess.com"]
[Source "ChessBase"]
[SourceQuality "1"]
[TimeControl "40/5400+30:1800+30"]

1. e4 e6 2. d4 d5 3. Nd2 c5 4. exd5 Qxd5 5. Ngf3 cxd4 6. Bc4 Qd6 7. O-O Nf6 8. Nb3 Nc6 9. Nbxd4 Nxd4 10. Nxd4 a6 11. Re1 Qc7 12. Bf1 Bc5 13. Bg5 O-O 14. Bxf6 gxf6 15. Qh5 f5 16. Qg5+ Kh8 17. Qf6+ Kg8 18. Re3 Bd6 19. Rd1 f4 20. Rh3 Qe7 21. Qh6 f6 22. Bc4 Rf7 23. Nf5 1-0

[Event "Lueneburg Open-A 2019"]
[Site "Lueneburg"]
[Date "2019.08.04"]
[Round "2.3"]
[White "Kosanke, Stefan"]
[Black "Vorobiov, Evgeny E."]
[Result "0-1"]
[ECO "E11"]
[WhiteElo "2029"]
[BlackElo "2578"]
[Annotator "ChessBase"]
[PlyCount "74"]
[EventDate "2019.08.03"]
[EventType "swiss"]
[EventCountry "GER"]
[SourceTitle "playchess.com"]
[Source "ChessBase"]
[SourceQuality "1"]
[TimeControl "40/5400+30:1800+30"]

1. d4 Nf6 2. c4 e6 3. Nf3 Bb4+ 4. Bd2 a5 5. Nc3 b6 6. Bg5 h6 7. Bxf6 Qxf6 8. Qc2 Bb7 9. a3 Bxf3 10. gxf3 Bxc3+ 11. Qxc3 Nc6 12. O-O-O Ne7 13. Rg1 c6 14. Kb1 b5 15. e4 bxc4 16. Bxc4 g6 17. Qe3 d5 18. e5 Qg7 19. Bd3 h5 20. Rc1 Qh6 21. f4 Kd7 22. Rc5 Ra7 23. Rgc1 Rha8 24. Qd2 Ke8 25. Bc2 a4 26. Bd3 Kf8 27. R1c2 h4 28. Qe3 Rb8 29. Qd2 Kg7 30. Qc1 Qh5 31. R5c3 Rab7 32. Be2 Qf5 33. Bd3 Qg4 34. Be2 Qg2 35. Bf1 Qe4 36. Bd3 Qxd4 37. Rd2 Qxf4 0-1

[Event "Lueneburg Open-A 2019"]
[Site "Lueneburg"]
[Date "2019.08.04"]
[Round "2.4"]
[White "Sebastian, Dirk"]
[Black "Blum, Frederik"]
[Result "1-0"]
[ECO "B72"]
[WhiteElo "2453"]
[BlackElo "2037"]
[Annotator "ChessBase"]
[PlyCount "73"]
[EventDate "2019.08.03"]
[EventType "swiss"]
[EventCountry "GER"]
[SourceTitle "playchess.com"]
[Source "ChessBase"]
[SourceQuality "1"]
[TimeControl "40/5400+30:1800+30"]

1. e4 c5 2. Nc3 Nc6 3. Nge2 g6 4. d4 cxd4 5. Nxd4 Bg7 6. Be3 Nf6 7. Bc4 d6 8. h3 O-O 9. Bb3 Na5 10. O-O a6 11. Re1 Nxb3 12. axb3 b5 13. Nd5 Bb7 14. Bg5 e6 15. Nxf6+ Bxf6 16. Bxf6 Qxf6 17. c3 Rac8 18. Nc2 Rfd8 19. Qd2 Qe5 20. Nb4 Ra8 21. Nd3 Qf6 22. Qe3 Qe7 23. Red1 Qc7 24. h4 Qc6 25. f3 a5 26. h5 Qc7 27. Qg5 b4 28. c4 Bc6 29. h6 f5 30. exf5 exf5 31. Nf4 Kf7 32. Rd5 Re8 33. Rxf5+ Kg8 34. Nxg6 Qa7+ 35. Kh1 hxg6 36. Qxg6+ Kh8 37. Rf7 1-0

[Event "Lueneburg Open-A 2019"]
[Site "Lueneburg"]
[Date "2019.08.04"]
[Round "2.5"]
[White "Kiesel, Harald"]
[Black "Feuerstack, Aljoscha"]
[Result "0-1"]
[ECO "B12"]
[WhiteElo "2023"]
[BlackElo "2441"]
[Annotator "NA RC"]
[PlyCount "100"]
[EventDate "2019.08.03"]
[EventType "swiss"]
[EventCountry "GER"]
[SourceTitle "playchess.com"]
[Source "ChessBase"]
[SourceQuality "1"]
[TimeControl "40/5400+30:1800+30"]

1. e4 c6 2. d4 d5 3. e5 Bf5 4. Nf3 e6 5. Be2 Nd7 6. O-O h6 7. Re1 Ne7 8. c3 g5 9. Na3 Qc7 10. Nc2 O-O-O 11. Ne3 Bh7 12. b4 f6 13. exf6 Ng8 14. Ng4 Ngxf6 15. Nfe5 Ne4 16. Nf7 Nxc3 17. Qb3 Nxe2+ 18. Rxe2 Nc5 19. Qf3 Be4 20. Qf6 Be7 21. Qe5 Qxe5 22. Ngxe5 Na4 23. Nxd8 Rxd8 24. Bd2 Rf8 25. f3 Bf5 26. Rc1 a6 27. g4 Bh7 28. Nxc6 bxc6 29. Rxc6+ Kd7 30. Rcxe6 Bf6 31. Rxa6 Bxd4+ 32. Be3 Nc3 33. Re1 Re8 34. Bxd4 Rxe1+ 35. Kf2 Re2+ 36. Kg3 Rxa2 37. Rxa2 Nxa2 38. b5 Nc1 39. Bg7 Ne2+ 40. Kf2 Nf4 41. Bxh6 Ne6 42. h4 gxh4 43. f4 Be4 44. f5 Nc5 45. Be3 Nd3+ 46. Kg1 Ne5 47. f6 Nxg4 48. f7 h3 49. Bf4 Ke7 50. b6 d4 0-1

[Event "Lueneburg Open-A 2019"]
[Site "Lueneburg"]
[Date "2019.08.04"]
[Round "2.6"]
[White "Carlstedt, Jonathan"]
[Black "Koenig, Christian"]
[Result "1-0"]
[ECO "A37"]
[WhiteElo "2408"]
[BlackElo "2026"]
[Annotator "NA"]
[PlyCount "71"]
[EventDate "2019.08.03"]
[EventType "swiss"]
[EventCountry "GER"]
[SourceTitle "playchess.com"]
[Source "ChessBase"]
[SourceQuality "1"]
[TimeControl "40/5400+30:1800+30"]

1. g3 g6 2. Bg2 Bg7 3. c4 c5 4. Nc3 Nc6 5. Nf3 d6 6. a3 a5 7. d3 e5 8. h4 Nf6 9. Nd5 Nxd5 10. cxd5 Ne7 11. e4 a4 12. h5 Bg4 13. h6 Bf6 14. Bh3 Bxh3 15. Rxh3 Qd7 16. Rh1 Nc8 17. Nh2 O-O 18. Ng4 Bd8 19. Ne3 f5 20. exf5 gxf5 21. Rh5 Kh8 22. Bd2 Ne7 23. Qe2 b5 24. f4 Ng6 25. fxe5 dxe5 26. Bc3 Ba5 27. Bxa5 Rxa5 28. O-O-O f4 29. Ng4 Qxd5 30. Nxe5 Nxe5 31. Rxe5 Qd4 32. Rf1 Raa8 33. Re4 Qd6 34. Re6 Qd4 35. gxf4 c4 36. Qe4 1-0

[Event "Lueneburg Open-A 2019"]
[Site "Lueneburg"]
[Date "2019.08.04"]
[Round "2.7"]
[White "Ertan, Can"]
[Black "Wobbe, Sven"]
[Result "1-0"]
[ECO "B42"]
[WhiteElo "2396"]
[BlackElo "2019"]
[Annotator "NA"]
[PlyCount "47"]
[EventDate "2019.08.03"]
[EventType "swiss"]
[EventCountry "GER"]
[SourceTitle "playchess.com"]
[Source "ChessBase"]
[SourceQuality "1"]
[TimeControl "40/5400+30:1800+30"]

1. e4 c5 2. Nf3 e6 3. d4 cxd4 4. Nxd4 a6 5. Bd3 Nf6 6. O-O d6 7. Kh1 Nc6 8. Be3 Be7 9. f4 Qc7 10. Nc3 Nxd4 11. Bxd4 e5 12. fxe5 dxe5 13. Rxf6 Bxf6 14. Nd5 Qd6 15. Bc3 Qc6 16. Qf3 h5 17. Rf1 Bg4 18. Qg3 Rd8 19. Bxe5 Rh6 20. h3 Bc8 21. Bxf6 Rxf6 22. Rxf6 gxf6 23. Qg8+ Kd7 24. Qxf7+ 1-0

[Event "Lueneburg Open-A 2019"]
[Site "Lueneburg"]
[Date "2019.08.04"]
[Round "2.8"]
[White "Deutschbein, Christopher"]
[Black "Sriram, Jha"]
[Result "0-1"]
[ECO "C55"]
[WhiteElo "2015"]
[BlackElo "2381"]
[Annotator "NA"]
[PlyCount "84"]
[EventDate "2019.08.03"]
[EventType "swiss"]
[EventCountry "GER"]
[SourceTitle "playchess.com"]
[Source "ChessBase"]
[SourceQuality "1"]
[TimeControl "40/5400+30:1800+30"]

1. e4 e5 2. Nf3 Nc6 3. Bc4 Nf6 4. d3 Be7 5. O-O O-O 6. Re1 d6 7. a4 Be6 8. Nbd2 Qd7 9. c3 Rfe8 10. Bxe6 fxe6 11. Nc4 Bf8 12. Bg5 Qf7 13. d4 exd4 14. cxd4 e5 15. d5 Nd8 16. Ra3 Be7 17. Bh4 Qg6 18. Bxf6 Bxf6 19. Qc2 Nf7 20. h3 Rac8 21. Nh2 Bg5 22. Ne3 c5 23. Nf5 Qf6 24. Rf3 Qd8 25. Ng4 g6 26. Nfe3 h5 27. Nh2 Bf4 28. Nef1 Rf8 29. g3 Bh6 30. h4 Qd7 31. Ne3 Nh8 32. Nc4 Rxf3 33. Nxf3 Rf8 34. Kg2 Nf7 35. Rd1 Rb8 36. Rd3 b6 37. Na3 a6 38. Nb1 b5 39. axb5 Qxb5 40. Na3 Qxb2 41. Qa4 Qe2 42. Qxa6 Rb2 0-1

[Event "Lueneburg Open-A 2019"]
[Site "Lueneburg"]
[Date "2019.08.04"]
[Round "2.9"]
[White "Colpe, Malte"]
[Black "Kiesel, Lucas"]
[Result "1-0"]
[ECO "A90"]
[WhiteElo "2367"]
[BlackElo "1966"]
[Annotator "NA"]
[PlyCount "95"]
[EventDate "2019.08.03"]
[EventType "swiss"]
[EventCountry "GER"]
[SourceTitle "playchess.com"]
[Source "ChessBase"]
[SourceQuality "1"]
[TimeControl "40/5400+30:1800+30"]

1. d4 e6 2. c4 f5 3. g3 Nf6 4. Bg2 d5 5. Nf3 c6 6. O-O Bd6 7. Nc3 O-O 8. Qc2 Ne4 9. Rb1 Nd7 10. b4 Ndf6 11. c5 Bc7 12. b5 Bd7 13. bxc6 Bxc6 14. Nd1 Qe7 15. Nb2 Nd7 16. Nd3 a5 17. Bf4 Bxf4 18. gxf4 g5 19. Qc1 g4 20. Nfe5 Nxe5 21. Nxe5 Qh4 22. Qe3 Qe7 23. Rb6 Qc7 24. f3 gxf3 25. Bxf3 Kh8 26. Kh1 Rg8 27. Bxe4 fxe4 28. Qh3 Qg7 29. Rb3 Raf8 30. Rg3 Qf6 31. Rfg1 Rxg3 32. Rxg3 Rg8 33. Qh4 Qf8 34. Ng6+ Rxg6 35. Rxg6 e5 36. fxe5 Be8 37. Qf6+ Qxf6 38. Rxf6 Kg7 39. Kg2 Bc6 40. Kg3 a4 41. a3 Be8 42. Kf4 Bc6 43. h4 Be8 44. Kg5 Bc6 45. h5 Be8 46. h6+ Kg8 47. e6 Bg6 48. Rxg6+ 1-0

[Event "Lueneburg Open-A 2019"]
[Site "Lueneburg"]
[Date "2019.08.04"]
[Round "2.11"]
[White "Jahncke, Giso"]
[Black "Koellner, Aaron Noah"]
[Result "1-0"]
[ECO "D19"]
[WhiteElo "2325"]
[BlackElo "2044"]
[Annotator "NA"]
[PlyCount "85"]
[EventDate "2019.08.03"]
[EventType "swiss"]
[EventCountry "GER"]
[SourceTitle "playchess.com"]
[Source "ChessBase"]
[SourceQuality "1"]
[TimeControl "40/5400+30:1800+30"]

1. d4 d5 2. Nf3 Nf6 3. c4 c6 4. Nc3 dxc4 5. a4 Bf5 6. e3 e6 7. Bxc4 Bb4 8. O-O O-O 9. Qe2 Nbd7 10. e4 Bg6 11. Bd3 Re8 12. Rd1 Bh5 13. e5 Nd5 14. Nxd5 cxd5 15. Qe3 Bg6 16. Bxg6 hxg6 17. Ng5 Be7 18. Qg3 Rc8 19. Qh4 Nf8 20. Bf4 f6 21. exf6 gxf6 22. Nh3 g5 23. Qh6 Nh7 24. Bd2 Bf8 25. Qg6+ Bg7 26. f4 gxf4 27. Nxf4 Qd7 28. Nh5 Qf7 29. Qg4 Kh8 30. Qh4 Rc2 31. Ra3 Bf8 32. Rh3 Be7 33. Bh6 Rg8 34. Rg3 Bf8 35. Bxf8 Qxf8 36. Nf4 Rxg3 37. hxg3 Qf7 38. Re1 Rxb2 39. Rxe6 Kg8 40. Rd6 Qe7 41. Qg4+ Qg7 42. Rd8+ Nf8 43. Rxf8+ 1-0

[Event "Lueneburg Open-A 2019"]
[Site "Lueneburg"]
[Date "2019.08.04"]
[Round "2.12"]
[White "Prasse, Philipp"]
[Black "Stork, Oliver"]
[Result "0-1"]
[ECO "C60"]
[WhiteElo "2003"]
[BlackElo "2322"]
[Annotator "NA"]
[PlyCount "42"]
[EventDate "2019.08.03"]
[EventType "swiss"]
[EventCountry "GER"]
[SourceTitle "playchess.com"]
[Source "ChessBase"]
[SourceQuality "1"]
[TimeControl "40/5400+30:1800+30"]

1. e4 e5 2. Nf3 Nc6 3. Bb5 Nge7 4. O-O g6 5. c3 a6 6. Ba4 Bg7 7. d4 b5 8. Bb3 exd4 9. cxd4 d6 10. h3 O-O 11. Nc3 Na5 12. Bc2 c5 13. Bg5 h6 14. Bh4 Qc7 15. dxc5 dxc5 16. Bg3 Qb6 17. Be5 Rd8 18. Nd5 Nxd5 19. exd5 Bb7 20. Qe2 Re8 21. Qe4 Nc4 0-1

[Event "Lueneburg Open-A 2019"]
[Site "Lueneburg"]
[Date "2019.08.04"]
[Round "2.13"]
[White "Kolbus, Dietmar"]
[Black "Probst, Alexander"]
[Result "1-0"]
[ECO "A14"]
[WhiteElo "2281"]
[BlackElo "1969"]
[Annotator "NA"]
[PlyCount "71"]
[EventDate "2019.08.03"]
[EventType "swiss"]
[EventCountry "GER"]
[SourceTitle "playchess.com"]
[Source "ChessBase"]
[SourceQuality "1"]
[TimeControl "40/5400+30:1800+30"]

1. c4 Nf6 2. g3 e6 3. Bg2 d5 4. b3 Be7 5. Bb2 O-O 6. Nf3 Nbd7 7. O-O b6 8. cxd5 exd5 9. Nd4 c5 10. Nc6 Qe8 11. Nxe7+ Qxe7 12. d4 Bb7 13. Nc3 Rfe8 14. Re1 Ne4 15. dxc5 Ndxc5 16. Nxd5 Bxd5 17. Qxd5 Rad8 18. Qc4 Rd2 19. Bd4 Nd6 20. Bxc5 bxc5 21. Qxc5 Rc8 22. Qa3 Rcc2 23. Bf3 Qc7 24. Qa4 h6 25. Red1 Rxa2 26. Qxa2 Rxa2 27. Rxa2 Nb5 28. Rad2 g6 29. Rd7 Qc2 30. R1d3 Nc3 31. Kg2 Nxe2 32. Rd2 Nf4+ 33. gxf4 Qxb3 34. Rxf7 Qb4 35. Rdd7 a5 36. Bd5 1-0

[Event "Lueneburg Open-A 2019"]
[Site "Lueneburg"]
[Date "2019.08.04"]
[Round "2.14"]
[White "Bosselmann, Tom Linus"]
[Black "Buchenau, Frank"]
[Result "0-1"]
[ECO "C00"]
[WhiteElo "2000"]
[BlackElo "2294"]
[Annotator "NA"]
[PlyCount "92"]
[EventDate "2019.08.03"]
[EventType "swiss"]
[EventCountry "GER"]
[SourceTitle "playchess.com"]
[Source "ChessBase"]
[SourceQuality "1"]
[TimeControl "40/5400+30:1800+30"]

1. e4 e6 2. Nf3 d5 3. e5 c5 4. b4 cxb4 5. a3 Nc6 6. axb4 Bxb4 7. c3 Ba5 8. d4 Nge7 9. Bd3 Bd7 10. O-O b5 11. Bd2 b4 12. Re1 h6 13. h3 O-O 14. g4 Ng6 15. cxb4 Bxb4 16. g5 Bxd2 17. Nbxd2 Nf4 18. Bf1 hxg5 19. Nb3 Qe7 20. Nc5 f6 21. exf6 gxf6 22. Qd2 Rab8 23. h4 Rb4 24. Rxa7 Nxd4 25. Nxd4 Qxc5 26. Rxd7 Rxd4 27. Qe3 Qc6 28. Re7 Qd6 29. Rb7 Rb4 30. Rxb4 Qxb4 31. hxg5 fxg5 32. Rc1 Qe7 33. Qb6 Qf6 34. Rc7 d4 35. Qb2 Rf7 36. Rxf7 Kxf7 37. Qb7+ Kg6 38. Qe4+ Qf5 39. Qa8 Qd5 40. Qg8+ Kf5 41. Qh7+ Kg4 42. Qc2 d3 43. Qd2 Qf3 44. Qb2 Qd1 45. Qb7 d2 46. Qh1 Qxf1+ 0-1

[Event "Lueneburg Open-A 2019"]
[Site "Lueneburg"]
[Date "2019.08.04"]
[Round "2.15"]
[White "Thanisch, Matthias"]
[Black "Poeck, Ole"]
[Result "0-1"]
[ECO "D02"]
[WhiteElo "1991"]
[BlackElo "2259"]
[Annotator "NA"]
[PlyCount "116"]
[EventDate "2019.08.03"]
[EventType "swiss"]
[EventCountry "GER"]
[SourceTitle "playchess.com"]
[Source "ChessBase"]
[SourceQuality "1"]
[TimeControl "40/5400+30:1800+30"]

1. d4 Nf6 2. Nf3 d5 3. g3 Bf5 4. Bg2 c6 5. O-O h6 6. Nbd2 e6 7. Re1 Be7 8. Ne5 Nbd7 9. Nxd7 Qxd7 10. Nf3 Bd6 11. b3 a5 12. Bb2 a4 13. a3 axb3 14. cxb3 Qe7 15. b4 O-O 16. Ne5 Rfd8 17. Nd3 Nd7 18. f3 e5 19. dxe5 Nxe5 20. Nxe5 Bxe5 21. Bxe5 Qxe5 22. e3 Qc3 23. Qc1 Qb3 24. Re2 Re8 25. Kf2 Bd3 26. Rb2 Qa4 27. Qd2 Bb5 28. Qc3 Qa7 29. Rd2 Re7 30. Qd4 Qxd4 31. Rxd4 b6 32. e4 dxe4 33. Rxe4 Rd7 34. Ra2 Rda7 35. Re3 Ra4 36. f4 Kf8 37. Rc2 Rxa3 38. Rxa3 Rxa3 39. Bxc6 Bd3 40. Rd2 Ke7 41. h4 f6 42. Bd5 Bb5 43. Bg8 Bc6 44. Bd5 Bb5 45. Rd4 Rc3 46. Rd2 Bd3 47. Bf3 Ke6 48. g4 h5 49. g5 Kf5 50. gxf6 gxf6 51. Bxh5 Kxf4 52. Bd1 f5 53. Bf3 Rb3 54. Bd5 Rc3 55. Bf3 Be4 56. Be2 Rh3 57. Rd6 Rh2+ 58. Kf1 Ke3 0-1

[Event "Lueneburg Open-A 2019"]
[Site "Lueneburg"]
[Date "2019.08.04"]
[Round "2.16"]
[White "Lubbe, Melanie"]
[Black "Fabregas, Oliver"]
[Result "1-0"]
[ECO "B15"]
[WhiteElo "2258"]
[BlackElo "1956"]
[Annotator "NA"]
[PlyCount "91"]
[EventDate "2019.08.03"]
[EventType "swiss"]
[EventCountry "GER"]
[SourceTitle "playchess.com"]
[Source "ChessBase"]
[SourceQuality "1"]
[TimeControl "40/5400+30:1800+30"]

1. e4 c6 2. d4 d5 3. Nc3 dxe4 4. Nxe4 Nf6 5. Nxf6+ exf6 6. c3 Bd6 7. Bd3 O-O 8. Ne2 Re8 9. Be3 Nd7 10. Qc2 Nf8 11. O-O-O Be6 12. Kb1 b5 13. Nf4 Qc7 14. Nxe6 fxe6 15. g3 Rab8 16. Rhe1 c5 17. dxc5 Bxc5 18. Bf4 e5 19. Bc1 Qb6 20. f4 a6 21. fxe5 fxe5 22. Re4 Rbd8 23. Rh4 g6 24. Bh6 Be7 25. Re4 Bf6 26. h4 Kh8 27. Rf1 Bg7 28. Be3 Qc6 29. h5 Rd6 30. Rh4 e4 31. Rxe4 gxh5 32. Rxe8 Qxe8 33. Bc5 Re6 34. Qf2 Ng6 35. Bd4 Bxd4 36. Qxd4+ Ne5 37. Rf5 Kg8 38. Bc2 Kh8 39. Bb3 Re7 40. Rg5 h6 41. Rg8+ Qxg8 42. Bxg8 Kxg8 43. Qd6 Kf7 44. Qxh6 Nc4 45. Qxh5+ Kg7 46. b3 1-0